Description

Active TvP build order, very strong

VOD

https://youtu.be/J4srkfE-oYs?t=1422

Replay - [PvT] - [PSISTM]MaxPax vs [mlem]LiquidClem - [TLMC20] Sandwyrm - 2025-03-17 15_28_55

Build Order

Get SALT Encoding   

  12  0:00  SCV  
  13  0:12  SCV  
  14  0:16  Supply Depot  
  14  0:24  SCV  
  15  0:38  SCV  
  15  0:39  Barracks  
  16  0:43  Refinery  
  16  0:50  SCV  
  16  0:52  Refinery  
  17  1:02  SCV  
  18  1:14  SCV  
  18  1:18  Supply Depot  
  19  1:27  Reaper, Orbital Command  
  20  1:41  Factory  
  20  1:53  SCV  
  22  2:03  Barracks Reactor  
  22  2:05  SCV  
  22  2:17  Command Center  
  22  2:20  SCV  
  23  2:26  Hellion  
  25  2:37  Supply Depot  
  26  2:38  Reaper x2  
  28  2:47  Hellion  
  31  2:55  Starport  
  32  3:10  Marine  
  32  3:12  Factory Tech Lab  
  34  3:25  Marine x2  
  36  3:30  Cyclone  
  40  3:37  Medivac  
  43  3:45  Marine x2  
  46  3:50  Orbital Command  
  44  3:58  Barracks  
  44  3:59  Supply Depot  
  45  4:04  Siege Tank  
  48  4:11  Marine x2  
  52  4:17  Bunker  
  52  4:19  Starport Tech Lab  
  53  4:25  Supply Depot  
  53  4:30  Marine x2  
  56  4:36  Siege Tank  
  61  4:47  Marine  
  66  4:56  Refinery  
  66  5:01  Barracks  
  70  5:18  Raven, Engineering Bay  
  75  5:30  Refinery  
  78  5:38  Stimpack, Marauder  
  80  5:56  Terran Infantry Weapons Level 1  
  81  6:00  Starport Reactor  
  81  6:02  Marauder, Factory Reactor  
  84  6:09  Combat Shield  
  86  6:13  Marauder  
  89  6:24  Command Center  
  84  6:27  Marauder  
  85  6:35  Marauder  
  85  6:36  Medivac x2  
  94  6:42  Widow Mine x2  
  99  6:49  Marauder  
  104  6:57  Marauder  
  105  7:08  Barracks x2  
  105  7:11  Marauder  
  108  7:19  Viking x2  
  112  7:24  Marauder  
  112  7:26  Concussive Shells  
  114  7:33  Marauder, Widow Mine x2  
  121  7:51  Terran Infantry Armor Level 1  
  126  7:58  Medivac x2  
  126  7:59  Barracks Tech Lab  
  126  8:00  Barracks Reactor  
  126  8:05  Orbital Command  
  135  8:18  Widow Mine x2  
  147  8:36  Viking x2  
  160  8:50  Widow Mine x2  
  167  9:02  Armory  
  167  9:03  Engineering Bay  
  167  9:08  Viking  
  173  9:24  Refinery x2, Viking  
  175  9:28  Bunker  
  183  9:38  Viking  
  183  9:43  Widow Mine x2  
  189  9:48  Missile Turret x2  
  189  9:54  Viking  
  179  10:28  Terran Infantry Armor Level 2, Terran Infantry Weapons Level 2  
  181  10:37  Command Center  
  181  10:41  Viking x2  
  191  10:58  Ghost Academy  
  197  11:12  Terran Ship Weapons Level 1  
  199  11:25  Missile Turret x2  
  199  11:27  Ghost  
  198  11:45  Barracks x3  
  198  11:46  Sensor Tower  
  198  11:50  Medivac  
  200  11:58  Personal Cloaking  
  200  12:04  Starport  
  200  12:14  Planetary Fortress  
  198  12:26  Medivac  
  198  12:32  Medivac  
  200  12:40  Command Center  
  197  12:45  Medivac  
  194  12:53  Barracks Tech Lab x3  
  187  12:58  Medivac  
  182  13:13  Ghost  
  182  13:15  Terran Ship Weapons Level 2, Terran Infantry Armor Level 3, Terran Infantry Weapons Level 3, Missile Turret  
  193  13:26  Refinery x2  
  199  13:30  Fusion Core  
  199  13:54  Ghost  
  193  13:58  Liberator x2  
  195  14:12  Liberator  
  198  14:18  Advanced Ballistics  
  198  14:19  Command Center  
  197  14:27  Liberator  
  191  14:31  Missile Turret  
  191  14:32  Sensor Tower  
  191  14:37  Planetary Fortress  
  193  14:41  Liberator  
  197  14:49  Liberator  
  200  14:54  Starport  
  198  15:16  Ghost  
  198  15:18  Nuke  
  198  15:19  Liberator  
  200  15:24  Command Center  
  198  15:30  Caduceus Reactor  
  198  15:33  Orbital Command  
  197  15:41  Refinery  
  197  15:42  Liberator  
  196  16:13  Ghost  
  196  16:16  Liberator  
  200  16:23  Starport Reactor  
  200  16:29  Liberator  
  193  16:36  Ghost  
  179  16:51  Ghost  
  181  17:00  Orbital Command  
  192  17:14  Ghost  
Spawning Tool Build Advisor. Get it on Overwolf

Go to:

Details

  • Created by: herkoss
  • Published on: May 01, 2025
  • Modified on: May 01, 2025
  • Patch: 5.0.11
  • Difficulty: Hard
Show
View Real Time Build Order
Export as new Build Order

Comments (0)

There are no comments. Be the first!

Create an account to comment!